 Dungeon Crawl Stone Soup version 0.28-a0-773-g130ae17fe5 (webtiles) character file.

Game seed: 2685184482486139343

511 AlleluiaPinecone the Covert (level 7, -7/52 HPs)
             Began as a Gnoll Wanderer on Nov 2, 2021.
             Killed from afar by an orc (12 damage)
             ... with a puff of flame
             ... on level 4 of the Dungeon.
             The game lasted 00:11:06 (3372 turns).

AlleluiaPinecone the Covert (Gnoll Wanderer)        Turns: 3372, Time: 00:11:07

Health: -7/52      AC: 10    Str: 12    XL:     7   Next: 19%
Magic:  10/10      EV: 12    Int: 12    God:
Gold:   164        SH:  0    Dex: 12    Spells: 10/10 levels left

rFire   . . .      SeeInvis .   a - +4 dagger
rCold   . . .      Faith    .   (no shield)
rNeg    . . .      Spirit   .   c - +3 leather armour
rPois   .          Reflect  .   (no helmet)
rElec   .          Harm     .   (no cloak)
rCorr   .          Rampage  .   (no gloves)
Will    .....                   (no boots)
Stlth   +++.......              (no amulet)
HPRegen 0.17/turn               g - +4 ring of protection
MPRegen 0.12/turn               (no ring)

@: no status effects
A: fangs 1, strong nose, distributed training
a: no special abilities


You were on level 4 of the Dungeon.
You visited 1 branch of the dungeon, and saw 4 of its levels.

You collected 164 gold pieces.

Inventory:

Hand Weapons
 a - a +4 dagger (weapon)
Missiles
 h - 53 arrows
 i - 39 stones (quivered)
 n - 41 sling bullets
Armour
 c - a +3 leather armour (worn)
Jewellery
 g - a +4 ring of protection (left hand)
Wands
 p - a wand of polymorph (3)
Scrolls
 b - a scroll of acquirement {unknown}
 d - 2 scrolls of teleportation
 e - a scroll of holy word
Potions
 f - a potion of curing
 j - a potion of attraction
 m - a potion of haste {unknown}


   Skills:
 + Level 3.5 Fighting
 + Level 2.3 Short Blades
 + Level 2.3 Long Blades
 + Level 2.3 Axes
 + Level 2.3 Maces & Flails
 + Level 5.1 Polearms
 + Level 2.3 Staves
 + Level 2.3 Slings
 + Level 2.3 Bows
 + Level 2.3 Crossbows
 + Level 2.3 Throwing
 + Level 2.3 Armour
 + Level 3.5 Dodging
 + Level 8.1 Stealth
 + Level 2.3 Shields
 + Level 5.1 Unarmed Combat
 + Level 2.3 Spellcasting
 + Level 1.9 Conjurations
 + Level 1.9 Hexes
 + Level 1.9 Summonings
 + Level 1.9 Necromancy
 + Level 1.9 Translocations
 + Level 1.9 Transmutations
 + Level 1.9 Fire Magic
 + Level 1.9 Ice Magic
 + Level 1.9 Air Magic
 + Level 1.9 Earth Magic
 + Level 1.9 Poison Magic
 + Level 2.5 Invocations
 + Level 2.3 Evocations


You had 10 spell levels left.
You didn't know any spells.
Your spell library was empty.

Dungeon Overview and Level Annotations

Branches:
Dungeon (4/15)
 Temple: D:4-7

Altars:
Cheibriados
Gozag
Vehumet


Innate Abilities, Weirdness & Mutations

You have very sharp teeth.
Your uncanny sense of smell can sniff out nearby items.
Your experience applies equally to all skills.


Message History

You hit the dart slug.
The dart slug is moderately wounded.
The orc hits you with a +0 hand axe.
* * * LOW HITPOINT WARNING * * *
You hit the dart slug.
The dart slug is heavily wounded.
The dart slug bites you.
* * * LOW HITPOINT WARNING * * *
The orc closely misses you.
You completely miss the dart slug.
The dart slug is heavily wounded.
The dart slug launches a dart at you.
The slug dart hits you but does no damage.
You hit the dart slug.
The dart slug is almost dead.
The orc barely misses you.
You hit the dart slug.
You kill the dart slug!
The orc hits you but does no damage.
You hit the hobgoblin.
The hobgoblin is severely wounded.
The orc hits you but does no damage. The hobgoblin barely misses you.
You closely miss the hobgoblin.
The hobgoblin is severely wounded.
The orc misses you. The hobgoblin barely misses you.
You closely miss the hobgoblin.
The hobgoblin is severely wounded.
The orc barely misses you. The hobgoblin closely misses you.
You hit the hobgoblin but do no damage.
The hobgoblin is severely wounded.
The orc zaps a wand.
The puff of flame hits you.
* * * LOW HITPOINT WARNING * * *
The hobgoblin barely misses you.
You hit the hobgoblin.
You kill the hobgoblin!
The orc closely misses you.
You hit the orc.
The orc is moderately wounded.
The orc zaps a wand.
The puff of flame hits you!
You die...

######........##
######........## .#
#..............# ..#
##....###.......# ..w##
#....# #....#### #....
#....# ##...## ......
##..# #....# ....#
###..o####....###.
#.)###....)@.#.........
#..).....##............
#.......###..#..####...
#......## #..#..# ...
#..###.## #..##..# ..
#.. #..# #.####.# ...#
#..# #.# .. ##.. ##.#
..# #.# ### .. #. ..


You could see an orc.

Vanquished Creatures
  Grinder (D:3)
  Jessica (D:3)
  2 bullfrog skeletons (D:4)
  An orc wizard (D:3)
  4 hound zombies (D:4)
  Robin (D:4)
  2 adders (D:3)
  4 adder zombies (D:4)
  A worm (D:2)
  2 adder skeletons
  3 dart slugs
  7 orcs (D:3)
  5 ball pythons
  7 bats
  5 endoplasms
  2 giant cockroaches
  19 goblins
  6 hobgoblins
  3 jackals (D:3)
  8 kobolds
  3 quokkas
  5 frilled lizards
  6 rats
98 creatures vanquished.

Notes
Turn   | Place    | Note
-------+----------+-------------------------------------------
     0 | D:1      | AlleluiaPinecone the Gnoll Wanderer began the quest for the
                  | Orb.
     0 | D:1      | AlleluiaPinecone set off with the following items: a +0
                  | dagger, 2 potions of lignification, a +2 leather armour
     0 | D:1      | Reached XP level 1. HP: 17/17 MP: 1/1
   286 | D:1      | Reached XP level 2. HP: 23/23 MP: 2/2
   989 | D:1      | Found a radiant altar of Vehumet.
  1055 | D:2      | Reached XP level 3. HP: 28/28 MP: 3/3
  1250 | D:2      | Reached skill level 1 in Invocations
  1621 | D:3      | Noticed Jessica
  1634 | D:3      | Reached skill level 1 in Short Blades
  1634 | D:3      | Reached skill level 1 in Long Blades
  1634 | D:3      | Reached skill level 1 in Axes
  1634 | D:3      | Reached skill level 1 in Maces & Flails
  1634 | D:3      | Reached skill level 1 in Staves
  1634 | D:3      | Reached skill level 1 in Slings
  1634 | D:3      | Reached skill level 1 in Bows
  1634 | D:3      | Reached skill level 1 in Crossbows
  1634 | D:3      | Reached skill level 1 in Throwing
  1634 | D:3      | Reached skill level 1 in Armour
  1634 | D:3      | Reached skill level 1 in Shields
  1634 | D:3      | Reached skill level 1 in Spellcasting
  1634 | D:3      | Reached skill level 1 in Evocations
  1641 | D:3      | Killed Jessica
  1642 | D:3      | Reached XP level 4. HP: 34/34 MP: 5/5
  1663 | D:3      | Reached skill level 1 in Conjurations
  1663 | D:3      | Reached skill level 1 in Hexes
  1663 | D:3      | Reached skill level 1 in Summonings
  1663 | D:3      | Reached skill level 1 in Necromancy
  1663 | D:3      | Reached skill level 1 in Translocations
  1663 | D:3      | Reached skill level 1 in Transmutations
  1663 | D:3      | Reached skill level 1 in Fire Magic
  1663 | D:3      | Reached skill level 1 in Ice Magic
  1663 | D:3      | Reached skill level 1 in Air Magic
  1663 | D:3      | Reached skill level 1 in Earth Magic
  1663 | D:3      | Reached skill level 1 in Poison Magic
  1726 | D:3      | Reached XP level 5. HP: 40/40 MP: 6/6
  1820 | D:3      | Noticed Grinder
  1838 | D:3      | Found a faded altar of an unknown god.
  1954 | D:3      | Found a snail-covered altar of Cheibriados.
  1956 | D:3      | Found an opulent altar of Gozag.
  2054 | D:3      | Paralysed by Grinder for 5 turns
  2078 | D:3      | Paralysed by Grinder for 2 turns
  2084 | D:3      | Killed Grinder
  2085 | D:3      | Reached skill level 5 in Polearms
  2085 | D:3      | Reached skill level 8 in Stealth
  2085 | D:3      | Reached skill level 5 in Unarmed Combat
  2085 | D:3      | Reached XP level 6. HP: 31/47 MP: 7/9
  2910 | D:4      | Reached XP level 7. HP: 33/52 MP: 10/10
  3308 | D:4      | Noticed Robin
  3350 | D:4      | Killed Robin
  3372 | D:4      | Killed from afar by an orc

Illustrated notes

Levels and vault maps discovered:
D:1:      dpeg_arrival_water_altar, layout_basic, minmay_misc_feat_nine_boxes,
          grunt_decor_mini_mirrors, corexii_corridor_pit
D:2:      layout_rooms, minmay_pentomino_z2
D:3:      layout_loops_ring, grunt_temple_overflow_open,
          ebering_ecumenical_altar_rust, minmay_misc_feat_square, uniq_jessica,
          uniq_grinder
D:4:      layout_layer_cave, minmay_temple_entry_mist, serial_undead,
          serial_undead_c, serial_undead_f, serial_undead_f, serial_undead_f,
          uniq_robin, uniq_natasha

Skill      XL: |  1  2  3  4  5 |
---------------+----------------+-----
Invocations    | 1 2 |  2.5
Short Blades   | 1 2 |  2.3
Long Blades    | 1 2 |  2.3
Axes           | 1 2 |  2.3
Maces & Flails | 1 2 |  2.3
Staves         | 1 2 |  2.3
Slings         | 1 2 |  2.3
Bows           | 1 2 |  2.3
Crossbows      | 1 2 |  2.3
Throwing       | 1 2 |  2.3
Armour         | 1 2 |  2.3
Shields        | 1 2 |  2.3
Spellcasting   | 1 2 |  2.3
Evocations     | 1 2 |  2.3
Conjurations   | 1 |  1.9
Hexes          | 1 |  1.9
Summonings     | 1 |  1.9
Necromancy     | 1 |  1.9
Translocations | 1 |  1.9
Transmutations | 1 |  1.9
Fire Magic     | 1 |  1.9
Ice Magic      | 1 |  1.9
Air Magic      | 1 |  1.9
Earth Magic    | 1 |  1.9
Poison Magic   | 1 |  1.9
Fighting       | 3 |  3.5
Dodging        | 3 |  3.5
Polearms       | 5 |  5.1
Stealth        | 8 |  8.1
Unarmed Combat | 5 |  5.1

Action                   |  1- 3 |  4- 6 |  7- 9 || total
-------------------------+-------+-------+-------++-------
Melee: Dagger            |   108 |   165 |    79 ||   352
       Bite              |     3 |    14 |     7 ||    24
       Punch             |       |     3 |     1 ||     4
Throw: Stone             |     3 |     1 |       ||     4
  Use: Potion            |     1 |     1 |     1 ||     3
       Scroll            |       |     6 |       ||     6
 Stab: Sleeping          |    19 |     9 |       ||    28
Armor: Leather armour    |    30 |    66 |    49 ||   145
       Skin              |    20 |    28 |       ||    48
Dodge: Dodged            |    57 |    78 |    62 ||   197

Table legend: (Time is in decaauts)
 A = Elapsed time spent in this place.
 B = Non-inter-level travel time spent in this place.
 C = Inter-level travel time spent in this place.
 D = Time resting spent in this place.
 E = Time spent auto-exploring this place.
 F = Levels seen in this place.
 G = Mean time per level.
                   A        B        C        D        E       F      G
               +--------+--------+--------+--------+--------+-----+--------+
         Total |   3352 |   3255 |     97 |    538 |   1986 |   4 |  838.0 |
       Dungeon |   3352 |   3255 |     97 |    538 |   1986 |   4 |  838.0 |
               +--------+--------+--------+--------+--------+-----+--------+

Top non-repeatable levels by time:
     D:1: 1048 daAuts
     D:3: 890 daAuts
     D:4: 838 daAuts
     D:2: 574 daAuts
